 Dungeon Crawl Stone Soup version 0.25.1-2-g60ff931df9 (webtiles) character file.

Game seed: 12169084617011571540

1266 funkygono the Conjurer (level 8, -1/54 HPs)
             Began as a Demonspawn Conjurer on Oct 31, 2020.
             Was an Initiate of Sif Muna.
             Shot with an arrow by a centaur (3 damage)
             ... on level 6 of the Dungeon.
             The game lasted 00:14:33 (6618 turns).

funkygono the Conjurer (Demonspawn Conjurer)        Turns: 6618, Time: 00:14:33

Health: -1/54      AC:  5    Str: 14    XL:     8   Next: 27%
Magic:  17/17      EV: 13    Int: 20    God:    Sif Muna [......]
Gold:   297        SH:  0    Dex: 13    Spells: 17/20 levels left

rFire    + . .     SeeInvis .   (no weapon)
rCold    . . .     Gourm    .   (no shield)
rNeg     + . .     Faith    .   h - +1 robe {rN+}
rPois    .         Spirit   .   D - +0 hat
rElec    .         Reflect  .   (no cloak)
rCorr    .         Harm     .   (gloves unavailable)
MR       +....                  (no boots)
Stlth    ++........             p - amulet of regeneration
HPRegen  0.58/turn              t - +6 ring of strength
MPRegen  0.15/turn              m - ring of protection from magic

@: no status effects
A: claws 3, yellow scales 1, fire resistance 1, spiny 1, flame cloud immunity
a: Renounce Religion


You were on level 6 of the Dungeon.
You worshipped Sif Muna.
Sif Muna was noncommittal.
You were not hungry.

You visited 1 branch of the dungeon, and saw 6 of its levels.

You collected 297 gold pieces.

Inventory:

Hand Weapons
 d - a +1 club
Missiles
 e - 196 stones (quivered)
Armour
 a - a +2 robe
 h - a +1 robe of positive energy (worn)
 D - a +0 hat (worn)
Jewellery
 b - a +6 ring of strength
 f - an uncursed ring of protection from fire
 m - a ring of protection from magic (right claw)
 p - an amulet of regeneration (around neck)
 t - a +6 ring of strength (left claw)
Wands
 n - a wand of disintegration (11)
 y - a wand of random effects (35)
Scrolls
 i - 3 scrolls of teleportation
 o - a scroll of enchant weapon
 q - 5 scrolls of remove curse
 r - a scroll of blinking
 s - 2 scrolls of amnesia {unknown}
 w - 3 scrolls of identify
 C - a scroll of magic mapping {unknown}
Potions
 g - a potion of haste {unknown}
 j - 2 potions of berserk rage
 k - a potion of mutation {unknown}
 l - a potion of heal wounds {unknown}
 u - a potion of curing {unknown}
 v - a potion of might {unknown}
 x - a potion of lignification {unknown}
 z - a potion of stabbing {unknown}
 A - a potion of magic
Comestibles
 c - 6 rations
 B - 2 chunks of flesh


   Skills:
 + Level 1.0 Fighting
 + Level 2.5 Dodging
 - Level 1.7 Stealth
 + Level 0.9 Unarmed Combat
 * Level 6.5 Spellcasting
 * Level 7.9 Conjurations


You had 17 spell levels left.
You knew the following spells:

 Your Spells              Type           Power        Failure   Level  Hunger
a - Magic Dart            Conj           ####         1%          1    None
b - Searing Ray           Conj           #####.       1%          2    None

Your spell library contained the following spells:

 Spells                   Type           Power        Failure   Level  Hunger
 Dazzling Flash           Conj/Hex       ###...       6%          3    #......
 Fulminant Prism          Conj/Hex       ###.......   19%         4    ###....
 Iskenderun's Mystic Bla  Conj/Tloc      ###.....     19%         4    ###....


Dungeon Overview and Level Annotations

Branches:
Dungeon (6/15)
 Temple: D:4-7

Altars:
Elyvilon
Fedhas
Hepliaklqana
Sif Muna
The Shining One

Shops:
D:4 (


Innate Abilities, Weirdness & Mutations

You have claws for hands.
You are partially covered in yellow scales. (AC +2)
Your flesh is heat resistant. (rF+)
You are partially covered in sharp spines.
You are immune to clouds of flame.


Message History

The centaur shoots an arrow.
The arrow hits you!
* * * LOW HITPOINT WARNING * * *
The arrow burns you.
* * * LOW HITPOINT WARNING * * *
Casting: Magic Dart (safe; 1% risk of failure)
Confirm with . or Enter, or press ? or * to list all spells.
Aiming: Magic Dart (safe; 1% risk of failure)
Press: ? - help, Shift-Dir - straight line, f/p - centaur
Aim: a centaur, wielding a +0 shortbow of flaming and quivering 15 arrows (moderately wounded)
The magic dart hits the centaur.
The centaur is moderately wounded.
The centaur shoots an arrow.
The arrow hits you!
* * * LOW HITPOINT WARNING * * *
The arrow burns you.
* * * LOW HITPOINT WARNING * * *
The centaur shoots an arrow.
The arrow closely misses you.
It was a potion of magic.
Magic courses through your body.
The centaur shoots an arrow.
The arrow barely misses you.
The centaur shoots an arrow.
The arrow hits you.
You die...

.....)#.#......#
##.##)#.#......#
....#.#.#......#
.....)#.########
##..###.# ........#
....#####
##.######################
...............(@(....c.#
.#.####################.#
........# ........#
........# ..>.....#
........# ........#
........#


You could see a centaur.

Vanquished Creatures
  Menkaure (D:4)
  An ice beast (D:6)
  An orc warrior (D:5)
  Blork the orc (D:4)
  A bullfrog (D:6)
  A scorpion (D:4)
  2 hounds (D:4)
  6 orc wizards
  2 bullfrog skeletons (D:5)
  3 orc priests
  2 iguanas
  Jessica (D:3)
  4 worker ants
  8 gnolls
  4 adders
  An ooze (D:3)
  An adder skeleton (D:4)
  A worm (D:5)
  4 dart slugs
  3 leopard geckos
  17 orcs
  6 giant cockroaches
  15 goblins
  5 hobgoblins
  3 jackals (D:3)
  5 quokkas
  A ball python (D:5)
  5 bats
  6 frilled lizards
  3 kobolds
  A quokka zombie (D:6)
  7 rats
122 creatures vanquished.

Notes
Turn   | Place    | Note
-------+----------+-------------------------------------------
     0 | D:1      | funkygono the Demonspawn Conjurer began the quest for the
                  | Orb.
     0 | D:1      | Reached XP level 1. HP: 13/13 MP: 3/3
   501 | D:1      | Gained mutation: You are partially covered in sharp spines.
                  | [demonic ancestry]
   501 | D:1      | Reached XP level 2. HP: 19/19 MP: 0/5
   509 | D:1      | Learned a level 2 spell: Searing Ray
  1189 | D:2      | Gained mutation: You have sharp fingernails. [demonic
                  | ancestry]
  1189 | D:2      | Reached XP level 3. HP: 24/24 MP: 4/6
  1312 | D:2      | Reached skill level 5 in Conjurations
  1446 | D:2      | Found a blossoming altar of Fedhas.
  1485 | D:2      | Gained mutation: You have very sharp fingernails. [demonic
                  | ancestry]
  1485 | D:2      | Reached XP level 4. HP: 30/30 MP: 3/8
  1776 | D:2      | Found a white marble altar of Elyvilon.
  2071 | D:2      | Found a glowing golden altar of the Shining One.
  2500 | D:3      | Gained mutation: You have claws for hands. [demonic
                  | ancestry]
  2500 | D:3      | Reached XP level 5. HP: 35/35 MP: 5/10
  2973 | D:3      | Noticed Jessica
  2980 | D:3      | Killed Jessica
  3670 | D:4      | Gained mutation: You are partially covered in yellow
                  | scales. (AC +2) [demonic ancestry]
  3670 | D:4      | Reached XP level 6. HP: 37/41 MP: 4/12
  3804 | D:4      | Reached skill level 6 in Conjurations
  4353 | D:4      | Noticed Blork the orc
  4384 | D:4      | Killed Blork the orc
  4384 | D:4      | Gained mutation: Your flesh is heat resistant. (rF+)
                  | [demonic ancestry]
  4384 | D:4      | Reached XP level 7. HP: 41/47 MP: 6/14
  4461 | D:4      | Found Henedu's Weapon Shoppe.
  4479 | D:4      | Reached skill level 5 in Spellcasting
  4532 | D:4      | Noticed Menkaure
  4541 | D:4      | Killed Menkaure
  4681 | D:4      | Found a hazy altar of Hepliaklqana.
  4888 | D:5      | Entered Level 5 of the Dungeon
  5212 | D:5      | Reached skill level 1 in Fighting
  5212 | D:5      | Reached skill level 7 in Conjurations
  5840 | D:5      | Gained mutation: You are immune to clouds of flame.
                  | [demonic ancestry]
  5840 | D:5      | Reached XP level 8. HP: 54/54 MP: 12/17
  5888 | D:5      | Found a shimmering blue altar of Sif Muna.
  6099 | D:5      | Became a worshipper of Sif Muna the Loreminder
  6616 | D:6      | HP: 2/54 [centaur/arrow (7)]
  6618 | D:6      | Shot with an arrow by a centaur

Illustrated notes

Levels and vault maps discovered:
D:1:      dpeg_arrival_court, layout_rooms
D:2:      layout_basic, fedhas_altar_1, nicolae_tso_carved_into_rock,
          lemuel_coloured_pillars_altar, minmay_misc_feat_roman,
          minmay_misc_feat_columns
D:3:      layout_loops_cross, wander_ebering_terrifying_dragon_lair,
          uniq_jessica
D:4:      layout_basic, kennysheep_mini, serial_shops, nicolae_shop_waterfront,
          grunt_ministairs_9, hangedman_feature_mirror, uniq_blork_the_orc,
          uniq_menkaure
D:5:      layout_basic, led_sif_pool, first_ration, minmay_misc_feat_enclosed
D:6:      layout_basic

Skill      XL: |  1  2  3  4  5  6  7 |
---------------+----------------------+-----
Conjurations   | 5 6 7 |  7.9
Spellcasting   | 3 4 6 |  6.5
Dodging        | 2 |  2.5
Fighting       | 1 |  1.0
Stealth        | |  1.7
Unarmed Combat | |  0.9

Action                   |  1- 3 |  4- 6 |  7- 9 || total
-------------------------+-------+-------+-------++-------
Melee: Unarmed           |    13 |    22 |     9 ||    44
       Club              |     6 |     9 |       ||    15
 Cast: Magic Dart        |    41 |    95 |    71 ||   207
       Searing Ray       |     6 |    18 |    14 ||    38
  Use: Scroll            |     1 |     9 |     2 ||    12
       Potion            |       |       |     1 ||     1
  Eat: Chunk             |     2 |    10 |     4 ||    16
       Ration            |       |       |     1 ||     1
Armor: Robe              |     4 |     9 |     5 ||    18
Dodge: Dodged            |    15 |    35 |    10 ||    60
